MID
WISCONSIN TIMBER RATTLERS @ KANE COUNTY COUGARS
09/19/2048
 
TOP OF THE 1ST
Wisconsin Timber Rattlers batting - Pitching for Kane County Cougars : RHP Jai-guo Xia
Pitching: RHP Jai-guo Xia
Batting: SHB Sam Bingham 0-0: Ball
1-0: Called Strike
1-1: Ball
2-1: Ball
3-1: Ground out 1-3 (Groundball, 13S, EV 69.4 MPH)
Batting: RHB Chris Maul 0-0: Called Strike
0-1: Ball
1-1: Ball
2-1: Foul Ball, location: 2F
2-2: Ball
3-2: SINGLE (Groundball, 4, EV 102.5 MPH)
Batting: LHB Karel Hort 0-0: Ball
Chris Maul is caught stealing 2nd base 2-6
1-0: Called Strike
1-1: Foul Ball, location: 2F
1-2: Strikes out swinging
Top of the 1st over - 0 runs, 1 hit, 0 errors, 0 left on base; Wisconsin 0 - Kane County 0
BOTTOM OF THE 1ST
Kane County Cougars batting - Pitching for Wisconsin Timber Rattlers : RHP Mike Ellinwood
Pitching: RHP Mike Ellinwood
Batting: RHB D.J. Cooke 0-0: Swinging Strike
0-1: Ground out 4-3 (Groundball, 34, EV 85.0 MPH)
Batting: SHB Blaine Peters 0-0: Ball
1-0: Fly out, F8 (Flyball, 8RD, EV 99.4 MPH)
Batting: RHB Chad Mendoza 0-0: Ball
1-0: Foul Ball, location: 2F
1-1: Fly out, F4 (Line Drive, 4, EV 68.8 MPH)
Bottom of the 1st over - 0 runs, 0 hits, 0 errors, 0 left on base; Wisconsin 0 - Kane County 0
TOP OF THE 2ND
Wisconsin Timber Rattlers batting - Pitching for Kane County Cougars : RHP Jai-guo Xia
Batting: RHB Jeremy Harden 0-0: Ball
1-0: Foul Ball, location: 2F
1-1: Ball
2-1: Ball
3-1: SINGLE (Line Drive, 8RS, EV 95.0 MPH)
Batting: RHB Jonathan Sarles 0-0: Called Strike
0-1: Ball
1-1: Ball
2-1: Foul Ball, location: 2F
2-2: Ball
3-2: Fly out, F8 (Flyball, 8LM, EV 82.5 MPH)
Batting: RHB Wiliama Dana 0-0: Swinging Strike
0-1: Foul Ball, location: 2F
0-2: Ball
1-2: Ball
Wild Pitch!
Jeremy Harden to second
2-2: Strikes out swinging
Batting: LHB Paul Collins 0-0: Ball
1-0: Called Strike
1-1: Foul Ball, location: 2F
1-2: Ball
2-2: Ball
3-2: Foul Ball, location: 2F
3-2: Fly out, F9 (Flyball, 9, EV 87.5 MPH)
Top of the 2nd over - 0 runs, 1 hit, 0 errors, 1 left on base; Wisconsin 0 - Kane County 0
BOTTOM OF THE 2ND
Kane County Cougars batting - Pitching for Wisconsin Timber Rattlers : RHP Mike Ellinwood
Batting: LHB J.P. Olson 0-0: Called Strike
0-1: Fly out, F8 (Flyball, 89D, EV 105.6 MPH)
Batting: SHB John Cummings 0-0: Called Strike
0-1: Ball
1-1: Fly out, F6 (Popup, 6, EV 73.8 MPH)
Batting: LHB Jeff Trapp 0-0: Ball
1-0: Called Strike
1-1: SINGLE (Groundball, 4M, EV 87.5 MPH) (infield hit)
Batting: RHB Ernesto Zamora 0-0: Ball
Jeff Trapp is caught stealing 2nd base 2-4
Bottom of the 2nd over - 0 runs, 1 hit, 0 errors, 0 left on base; Wisconsin 0 - Kane County 0
TOP OF THE 3RD
Wisconsin Timber Rattlers batting - Pitching for Kane County Cougars : RHP Jai-guo Xia
Batting: RHB Michael Dickerson 0-0: Swinging Strike
0-1: Ball
1-1: Ground out 6-3 (Groundball, 56, EV 97.5 MPH)
Batting: RHB Chris Fruit 0-0: Ball
1-0: Swinging Strike
1-1: Fly out, F8 (Line Drive, 8LM, EV 105.0 MPH)
Batting: SHB Sam Bingham 0-0: Ball
1-0: Ball
2-0: Foul Ball, location: 2F
2-1: Ball
3-1: Foul Ball, location: 2F
3-2: Strikes out swinging
Top of the 3rd over - 0 runs, 0 hits, 0 errors, 0 left on base; Wisconsin 0 - Kane County 0
BOTTOM OF THE 3RD
Kane County Cougars batting - Pitching for Wisconsin Timber Rattlers : RHP Mike Ellinwood
Batting: RHB Ernesto Zamora 0-0: Fly out, F4 (Popup, 4MD, EV 47.5 MPH)
Batting: RHB Gary Hills 0-0: Called Strike
0-1: DOUBLE (Groundball, 5L, EV 99.4 MPH)
Batting: LHB Enrique Ponce 0-0: Ground out 4-3 (Groundball, 34, EV 83.8 MPH)
Gary Hills to third
Batting: RHB D.J. Cooke 0-0: Called Strike
0-1: Ball
1-1: Called Strike
1-2: Ball
2-2: Strikes out swinging
Bottom of the 3rd over - 0 runs, 1 hit, 0 errors, 1 left on base; Wisconsin 0 - Kane County 0
TOP OF THE 4TH
Wisconsin Timber Rattlers batting - Pitching for Kane County Cougars : RHP Jai-guo Xia
Batting: RHB Chris Maul 0-0: Called Strike
0-1: Ball
1-1: Swinging Strike
1-2: Ground out 5-3 (Groundball, 56S, EV 93.8 MPH)
Batting: LHB Karel Hort 0-0: Ground out 6-3 (Groundball, P, EV 86.9 MPH)
Batting: RHB Jeremy Harden 0-0: Foul Ball, location: 2F
0-1: SINGLE (Groundball, 56D, EV 105.0 MPH)
Batting: RHB Jonathan Sarles 0-0: Called Strike
0-1: Foul Ball, location: 2F
0-2: Ball
1-2: Fly out, F7 (Flyball, 7D, EV 103.1 MPH)
Top of the 4th over - 0 runs, 1 hit, 0 errors, 1 left on base; Wisconsin 0 - Kane County 0
BOTTOM OF THE 4TH
Kane County Cougars batting - Pitching for Wisconsin Timber Rattlers : RHP Mike Ellinwood
Batting: SHB Blaine Peters 0-0: Called Strike
0-1: Foul Ball, location: 2F
0-2: Reached on error, E3 (Groundball, 34, EV 105.6 MPH)
Batting: RHB Chad Mendoza 0-0: Ball
1-0: Foul Ball, location: 2F
1-1: Ball
2-1: Ball
Passed Ball!
Blaine Peters to second
3-1: Called Strike
3-2: Foul Ball, location: 2F
3-2: Foul Ball, location: 2F
3-2: Foul Ball, location: 2F
3-2: 2-RUN HOME RUN (Flyball, 7D, EV 107.5 MPH), Distance : 392 ft
Batting: LHB J.P. Olson 0-0: Ball
1-0: Foul Ball, location: 2F
1-1: Foul Ball, location: 2F
1-2: SINGLE (Flyball, 3D, EV 91.2 MPH)
Batting: SHB John Cummings 0-0: Called Strike
J.P. Olson steals 2nd base
0-1: Ball
1-1: Called Strike
1-2: Strikes out looking
Batting: LHB Jeff Trapp 0-0: Fly out, F8 (Flyball, 8LD, EV 103.8 MPH)
Batting: RHB Ernesto Zamora 0-0: Called Strike
0-1: Ball
1-1: Ball
2-1: Foul Ball, location: 2F
2-2: Foul Ball, location: 2F
2-2: Reached on error, E6 (Groundball, 6, EV 94.4 MPH)
J.P. Olson to third
Batting: RHB Gary Hills 0-0: Swinging Strike
0-1: Ball
1-1: Swinging Strike
1-2: Foul Ball, location: 2F
1-2: Strikes out swinging
Bottom of the 4th over - 2 runs, 2 hits, 2 errors, 2 left on base; Wisconsin 0 - Kane County 2
TOP OF THE 5TH
Wisconsin Timber Rattlers batting - Pitching for Kane County Cougars : RHP Jai-guo Xia
Batting: RHB Wiliama Dana 0-0: Swinging Strike
0-1: Ball
1-1: Ground out 6-3 (Groundball, 6, EV 88.8 MPH)
Batting: LHB Paul Collins 0-0: Swinging Strike
0-1: Foul Ball, location: 2F
0-2: Fly out, F7 (Flyball, 78D, EV 93.1 MPH)
Batting: RHB Michael Dickerson 0-0: Ball
1-0: Swinging Strike
1-1: Ground out 1-3 (Groundball, 34S, EV 70.6 MPH)
Top of the 5th over - 0 runs, 0 hits, 0 errors, 0 left on base; Wisconsin 0 - Kane County 2
BOTTOM OF THE 5TH
Kane County Cougars batting - Pitching for Wisconsin Timber Rattlers : RHP Mike Ellinwood
Batting: LHB Enrique Ponce 0-0: Called Strike
0-1: Ball
1-1: Ball
2-1: SINGLE (Flyball, 4MD, EV 91.9 MPH)
Batting: RHB D.J. Cooke 0-0: Ball
1-0: Foul Ball, location: 2F
1-1: Ball
2-1: Swinging Strike
2-2: Fly out, F9 (Flyball, 9D, EV 95.0 MPH)
Batting: SHB Blaine Peters 0-0: Ball
1-0: Called Strike
Enrique Ponce is caught stealing 2nd base 2-6
1-1: Ball
2-1: Called Strike
2-2: Strikes out swinging
Bottom of the 5th over - 0 runs, 1 hit, 0 errors, 0 left on base; Wisconsin 0 - Kane County 2
TOP OF THE 6TH
Wisconsin Timber Rattlers batting - Pitching for Kane County Cougars : RHP Jai-guo Xia
Batting: RHB Chris Fruit 0-0: Ball
1-0: Ball
2-0: SINGLE (Groundball, 56D, EV 101.2 MPH) (infield hit)
Batting: SHB Sam Bingham 0-0: Fly out, F9 (Line Drive, 9, EV 103.8 MPH)
Batting: RHB Chris Maul 0-0: Grounds into double play, 5-4-3 (Groundball, 5S, EV 81.9 MPH)
Top of the 6th over - 0 runs, 1 hit, 0 errors, 0 left on base; Wisconsin 0 - Kane County 2
BOTTOM OF THE 6TH
Kane County Cougars batting - Pitching for Wisconsin Timber Rattlers : RHP Mike Ellinwood
Batting: RHB Chad Mendoza 0-0: Ground out 6-3 (Groundball, 56, EV 100.0 MPH)
Batting: LHB J.P. Olson 0-0: Swinging Strike
0-1: SINGLE (Line Drive, 8LS, EV 85.6 MPH)
Batting: SHB John Cummings 0-0: Foul Ball, location: 2F
0-1: Called Strike
0-2: Ball
J.P. Olson steals 2nd base
1-2: Foul Ball, location: 2F
1-2: Ground out 4-3 (Groundball, 4, EV 85.6 MPH)
J.P. Olson to third
Batting: LHB Jeff Trapp 0-0: Foul Ball, location: 2F
0-1: Called Strike
0-2: Foul Ball, location: 2F
0-2: Ball
1-2: Foul Ball, location: 2F
1-2: Ball
2-2: Ball
3-2: Strikes out looking
Bottom of the 6th over - 0 runs, 1 hit, 0 errors, 1 left on base; Wisconsin 0 - Kane County 2
TOP OF THE 7TH
Wisconsin Timber Rattlers batting - Pitching for Kane County Cougars : RHP Jai-guo Xia
Batting: LHB Karel Hort 0-0: Foul Ball, location: 2F
0-1: Called Strike
0-2: Ball
1-2: Ball
2-2: Ball
3-2: Foul Ball, location: 2F
3-2: Fly out, F8 (Flyball, 8LD, EV 97.5 MPH)
Batting: RHB Jeremy Harden 0-0: Ball
1-0: Fly out, F7 (Line Drive, 7, EV 87.5 MPH)
Batting: RHB Jonathan Sarles 0-0: Called Strike
0-1: Ball
1-1: Ball
2-1: Foul Ball, location: 2F
2-2: Foul Ball, location: 2F
2-2: Foul Ball, location: 2F
2-2: Strikes out swinging
Top of the 7th over - 0 runs, 0 hits, 0 errors, 0 left on base; Wisconsin 0 - Kane County 2
BOTTOM OF THE 7TH
Kane County Cougars batting - Pitching for Wisconsin Timber Rattlers : RHP Mike Ellinwood
Batting: RHB Ernesto Zamora 0-0: Called Strike
0-1: Ball
1-1: Ground out 6-3 (Groundball, 6, EV 88.1 MPH)
Batting: RHB Gary Hills 0-0: Ball
1-0: Ball
2-0: SINGLE (Groundball, 6MD, EV 96.2 MPH)
Batting: LHB Enrique Ponce 0-0: Ball
1-0: Ball
2-0: Called Strike
2-1: Fielders Choice at 2nd, 4-6 (Groundball, 4, EV 76.2 MPH)
Batting: RHB D.J. Cooke 0-0: Called Strike
0-1: Foul Ball, location: 2F
0-2: Strikes out swinging
Bottom of the 7th over - 0 runs, 1 hit, 0 errors, 1 left on base; Wisconsin 0 - Kane County 2
TOP OF THE 8TH
Wisconsin Timber Rattlers batting - Pitching for Kane County Cougars : RHP Jai-guo Xia
Batting: RHB Wiliama Dana 0-0: Ball
1-0: SINGLE (Groundball, 56D, EV 98.1 MPH)
Batting: LHB Paul Collins 0-0: Ball
1-0: Ball
2-0: Foul Ball, location: 2F
2-1: Ball
3-1: Base on Balls
Wiliama Dana to second
Batting: RHB Michael Dickerson 0-0: Ball
1-0: Fly out, F9 (Flyball, 89D, EV 108.8 MPH)
Runner from 2nd tags up, SAFE at 3rd, no throw by RF
Batting: RHB Chris Fruit 0-0: Ball
1-0: Swinging Strike
1-1: Foul Ball, location: 2F
1-2: 3-RUN HOME RUN (Flyball, 78XD, EV 107.5 MPH), Distance : 402 ft
Pitching: RHP Sam Lewis
Batting: SHB Sam Bingham 0-0: Fly out, F9 (Flyball, 89D, EV 92.5 MPH)
Batting: RHB Chris Maul 0-0: SINGLE (Groundball, 56D, EV 95.6 MPH)
Batting: LHB Karel Hort 0-0: Called Strike
Chris Maul steals 2nd base (no throw)
0-1: Ball
1-1: Swinging Strike
1-2: Foul Ball, location: 2F
1-2: DOUBLE (Flyball, 78XD, EV 116.9 MPH)
Chris Maul scores
Batting: RHB Jeremy Harden 0-0: Ball
1-0: Ground out 6-3 (Groundball, 6, EV 88.1 MPH)
Top of the 8th over - 4 runs, 4 hits, 0 errors, 1 left on base; Wisconsin 4 - Kane County 2
BOTTOM OF THE 8TH
Kane County Cougars batting - Pitching for Wisconsin Timber Rattlers : RHP Mike Ellinwood
Batting: SHB Blaine Peters 0-0: Ball
1-0: DOUBLE (Flyball, 89D, EV 93.1 MPH)
Batting: RHB Chad Mendoza 0-0: Called Strike
0-1: SINGLE (Groundball, 4MD, EV 93.8 MPH)
Blaine Peters to third
Runner from 3rd tries for Home, SAFE, throw by CF to home
Batting: LHB J.P. Olson 0-0: Reached on error, E4 (Groundball, 4, EV 108.1 MPH)
Chad Mendoza to second
Batting: SHB John Cummings 0-0: Ball
1-0: Ball
2-0: Ball
Wild Pitch!
Chad Mendoza to third
J.P. Olson to second
3-0: DOUBLE (Groundball, 3L, EV 103.1 MPH)
Chad Mendoza scores
J.P. Olson scores
Pitching: RHP Sal Contreras
Batting: LHB Jeff Trapp 0-0: Ball
1-0: Bunted foul
1-1: Bunt missed!
1-2: Ball
2-2: Ball
3-2: Base on Balls
Batting: RHB Ernesto Zamora 0-0: Swinging Strike
0-1: Ball
1-1: Swinging Strike
1-2: Ball
2-2: Ball
3-2: Base on Balls
John Cummings to third
Jeff Trapp to second
Batting: RHB Gary Hills 0-0: Called Strike
0-1: Swinging Strike
0-2: Ball
1-2: SINGLE (Groundball, 56D, EV 105.6 MPH)
John Cummings scores
Jeff Trapp to third
Ernesto Zamora to second
Batting: LHB Enrique Ponce 0-0: SINGLE (Groundball, 4D, EV 99.4 MPH)
Jeff Trapp scores
Ernesto Zamora to third
Gary Hills to second
Runner from 3rd tries for Home, SAFE, throw by CF to home
Batting: RHB D.J. Cooke 0-0: Called Strike
0-1: Foul Ball, location: 2F
0-2: Ball
1-2: Ball
2-2: Ball
3-2: Strikes out swinging
Batting: SHB Blaine Peters 0-0: Ball
1-0: Grounds into double play, 4-6-3 (Groundball, 4, EV 103.8 MPH)
Bottom of the 8th over - 6 runs, 5 hits, 1 error, 1 left on base; Wisconsin 4 - Kane County 8
TOP OF THE 9TH
Wisconsin Timber Rattlers batting - Pitching for Kane County Cougars : RHP Sam Lewis
Batting: RHB Jonathan Sarles 0-0: Foul Ball, location: 2F
0-1: Called Strike
0-2: SINGLE (Flyball, 34D, EV 97.5 MPH)
Batting: RHB Wiliama Dana 0-0: Called Strike
0-1: Called Strike
0-2: Strikes out looking
Batting: LHB Paul Collins 0-0: Called Strike
0-1: Ball
1-1: Foul Ball, location: 2F
1-2: Strikes out looking
Batting: RHB Michael Dickerson 0-0: Ball
1-0: Ball
2-0: Called Strike
2-1: Foul Ball, location: 2F
2-2: Strikes out swinging
Top of the 9th over - 0 runs, 1 hit, 0 errors, 1 left on base; Wisconsin 4 - Kane County 8
Tuesday, March 28th , 2023 - OOTP Baseball 23.10 Build 110